 Dungeon Crawl Stone Soup version 0.29-a0-982-gaed3a0c8d8 (webtiles) character file.

Game seed: 7498428046992746079

161 MisterAzrael the Magician (level 5, -4/40 HPs)
             Began as a Djinni Fire Elementalist on Aug 1, 2022.
             Was a Believer of Nemelex Xobeh.
             Slain by a lemure (9 damage)
             ... led by Pikel
             ... on level 4 of the Dungeon.
             The game lasted 00:04:16 (3087 turns).

MisterAzrael the Magician (DjFE)                    Turns: 3087, Time: 00:04:16

Health: -4/40      AC:  2    Str:  9    XL:     5   Next: 70%
Gold:   160        EV: 12    Int: 16    God:    Nemelex Xobeh [**....] SH:  0 Dex: 14

rFire   + + +      SeeInvis .   b - staff of fire
rCold   x . .      Faith    .   (no shield)
rNeg    . . .      Spirit   .   a - +0 robe
rPois   ∞          Reflect  .   (no helmet)
rElec   .          Harm     .   (no cloak)
rCorr   .          Rampage  .   (no gloves)
Will    .....                   (boots unavailable)
Stlth   ++........              (no amulet)
HPRegen 0.13/turn               (no ring)
MPRegen 0.00/turn               (no ring)

@: flying, very slightly contaminated, hasted, very quick
A: sickness immunity, fire resistance 2, cold vulnerability 1, float, innate
caster, HP casting, extra vitality 1
a: Renounce Religion, Draw Escape, Draw Destruction, Draw Summoning


You were on level 4 of the Dungeon.
You worshipped Nemelex Xobeh.
Nemelex Xobeh was pleased with you.
You visited 1 branch of the dungeon, and saw 4 of its levels.

You collected 160 gold pieces.

Inventory:

Hand Weapons
 s - a +1 halberd of distortion
Armour
 a - a +0 robe (worn)
Magical Staves
 b - a staff of fire (weapon)
Jewellery
 h - a +6 ring of dexterity
 r - an amulet of reflection
Scrolls
 c - a scroll of enchant armour {unknown}
 f - a scroll of magic mapping {unknown}
 i - 3 scrolls of identify {unknown}
 j - 2 scrolls of teleportation {unknown}
 l - a scroll of noise {unknown}
 m - a scroll of enchant weapon {unknown}
 n - a scroll of fear {unknown}
 q - a scroll of brand weapon {unknown}
Potions
 d - a potion of heal wounds
 e - a potion of invisibility {unknown}
 g - a potion of magic {unknown}
 k - a potion of flight {unknown}
 o - 3 potions of haste
 p - a potion of mutation {unknown}


   Skills:
 * Level 2.8 Fighting
 - Level 2.4 Dodging
 - Level 1.8 Stealth
 * Level 3.4 Spellcasting
 + Level 1.7 Invocations


You couldn't memorise any spells.
You knew the following spells:

 Your Spells              Type           Power      Damage    Failure   Level
a - Foxfire               Conj/Fire      80%        2x1d8     4%          1
b - Scorch                Fire           40%        2d7       7%          2
c - Conjure Flame         Conj/Fire      20%        6-21      13%         3
d - Inner Flame           Hex/Fire       20%        N/A       13%         3
e - Flame Wave            Conj/Fire      20%        2d7       41%         4
f - Beastly Appendage     Tmut           26%        N/A       4%          1
g - Ensorcelled Hibernat  Hex/Ice        26%        N/A       7%          2
Your spell library was empty.

Dungeon Overview and Level Annotations

Branches:
Dungeon (4/15)             Temple (0/1) D:4

Altars:
Cheibriados
Nemelex Xobeh
Okawaru

Annotations:
D:4 Pikel


Innate Abilities, Weirdness & Mutations

You are immune to sickness and miasma.
You are immune to poison.
Your flesh is very heat resistant. (rF++)
You are vulnerable to cold. (rC-)
You float through the air rather than walking.
You learn spells naturally, not from books.
Your magical power is your life essence.
You have superior vitality. (+4 MHP)


Message History

Anything else - Cancel.
Gang up on whom?
Press: ? - help, Dir - move target, f - Pikel
Aim: Pikel, wielding a +0 whip of freezing and wearing a +0 robe (ally target) Attack!
The lemure shouts!
Your hell hound bites Pikel but does no damage.
Pikel hits your hell hound with a +0 whip of freezing.
Pikel freezes your hell hound.
Your hell hound closely misses Pikel.
You feel a surge of power!
You miscast Scorch.
You are very lightly contaminated with residual magic.
Nothing appears to happen.
Pikel hits your hell hound with a +0 whip of freezing.
Pikel freezes your hell hound.
Your hell hound bites Pikel but does no damage.
Your hell hound closely misses Pikel. x2
You feel a surge of power!
Flames lash the lemure but do no damage.
Pikel barely misses you.
Your hell hound closely misses Pikel.
You feel a surge of power!
Flames lash Pikel.
Pikel is moderately wounded.
Pikel's fire resistance burns away.
Your hell hound bites Pikel.
Pikel hits you with a +0 whip of freezing!
Pikel freezes you.
The lemure barely misses your hell hound.
Your hell hound bites Pikel but does no damage.
Your hell hound completely misses Pikel.
Your hell hound bites Pikel.
Pikel hits you with a +0 whip of freezing!
* * * LOW HITPOINT WARNING * * *
Pikel freezes you.
* * * LOW HITPOINT WARNING * * *
Your hell hound bites Pikel.
It was a potion of haste.
You feel yourself speed up.
Pikel drinks a potion.
Pikel is healed!
The lemure hits your hell hound but does no damage.
Your hell hound bites the lemure but does no damage.
The lemure hits you!
You die...
Your body disappears without a glow.

........................
##..........#....##.....
##........####...##.....
##.........###.....##....
............. #....>...
###.........# #......8.
#.#......##.#####......⌠
.##.......##..##..#.....8.
..........@.##.##...†.....⌠
..##......5K##........##..8.
##.###<............#..... ##
#.55h........## ..#.
#..5####.....# #...
##..........## ..
...#..#.###... ....##.##
..... ...... .. .....


You could see Pikel (combustible), 3 lemures, an ufetubus and a friendly hell
hound (summoned).

Vanquished Creatures
  A lemure (D:4)
  3 adders
  3 worms
  2 dart slugs
  4 endoplasms
  2 giant cockroaches (D:2)
  4 goblins
  4 hobgoblins
  2 jackals (D:2)
  2 kobolds
  3 quokkas
  6 ball pythons
  7 bats
  2 frilled lizards
  6 rats
51 creatures vanquished.

Vanquished Creatures (collateral kills)
  Blork the orc (D:4)
  A worm (D:4)
2 creatures vanquished.

Vanquished Creatures (others)
  59 foxfires
  7 plants (D:2)
66 creatures vanquished.

Grand Total: 119 creatures vanquished

Notes
Turn   | Place    | Note
-------+----------+-------------------------------------------
     0 | D:1      | MisterAzrael the Djinni Fire Elementalist began the quest
                  | for the Orb.
     0 | D:1      | MisterAzrael set off with the following spells memorised:
                  | Foxfire, Scorch, Conjure Flame, Inner Flame, Flame Wave.
     0 | D:1      | Reached XP level 1. HP: 15/15 MP: 0/0
    17 | D:1      | Found a faded altar of an unknown god.
    32 | D:1      | Prayed at the altar of an unknown god.
    32 | D:1      | Became a worshipper of Nemelex Xobeh the Trickster
    32 | D:1      | Reached * piety under Nemelex Xobeh
    32 | D:1      | Received a gift from Nemelex Xobeh
   219 | D:1      | Reached XP level 2. HP: 19/21 MP: 0/0
   680 | D:2      | Reached skill level 1 in Fighting
   680 | D:2      | Reached XP level 3. HP: 10/27 MP: 0/0
   680 | D:2      | Learned a level 1 spell: Beastly Appendage
  1025 | D:2      | You are sucked into a shaft and drop 2 floors!
  1267 | D:2      | Reached skill level 1 in Invocations
  1267 | D:2      | Reached XP level 4. HP: 21/33 MP: 0/0
  1415 | D:2      | Reached ** piety under Nemelex Xobeh
  1541 | D:2      | Reached skill level 3 in Spellcasting
  2024 | D:2      | Received a gift from Nemelex Xobeh
  2536 | D:3      | Received a gift from Nemelex Xobeh
  2617 | D:3      | Found a snail-covered altar of Cheibriados.
  2824 | D:3      | Found an iron altar of Okawaru.
  3006 | D:4      | Noticed Blork the orc
  3013 | D:4      | Killed Blork the orc
  3014 | D:4      | Reached XP level 5. HP: 39/40 MP: 0/0
  3014 | D:4      | Learned a level 2 spell: Ensorcelled Hibernation
  3025 | D:4      | Found a staircase to the Ecumenical Temple.
  3067 | D:4      | Noticed a lemure
  3073 | D:4      | Killed a lemure
  3075 | D:4      | Noticed Pikel
  3077 | D:4      | Noticed a lemure
  3077 | D:4      | Noticed a lemure
  3078 | D:4      | Noticed a lemure
  3087 | D:4      | Slain by a lemure

Illustrated notes

Levels and vault maps discovered:
D:1:      amcnicky_arrival_single_pillar, layout_rooms, serial_rivers,
          chequers_serial_rivers_micro_b, chequers_serial_rivers_room_b,
          chequers_serial_rivers_micro_e, chequers_serial_rivers_room_b,
          chequers_serial_rivers_room_b, chequers_serial_rivers_room_b,
          shapermc_ecumenical_altar_venn
D:2:      layout_basic, nicolae_kite_square_tiling_tiny, serial_bayou_lake_a
D:3:      layout_loops_ring, mainiacjoe_overflow_six_doors_small,
          general_overflow_altar
D:4:      layout_cave_pools, mainiacjoe_overflow_small_starburst,
          fedhas_altar_2, nicolae_tso_carved_into_rock,
          minmay_temple_entry_statues_fountains, uniq_blork_the_orc, uniq_pikel

Skill      XL: |  1  2  3  4 |
---------------+-------------+-----
Fighting       | 1 2 |  2.8
Invocations    | 1 |  1.7
Spellcasting   | 3 |  3.4
Dodging        | |  2.4
Stealth        | |  1.8

Action                   |  1- 3 |  4- 6 || total
-------------------------+-------+-------++-------
Melee: Staff             |     2 |       ||     2
 Cast: Foxfire           |    37 |       ||    37
       Scorch            |     9 |    31 ||    40
Invok: Draw Summoning    |       |     1 ||     1
  Use: Potion            |       |     1 ||     1
Armor: Robe              |     4 |     1 ||     5
Dodge: Dodged            |    11 |     4 ||    15

Table legend: (Time is in decaauts)
 A = Elapsed time spent in this place.
 B = Non-inter-level travel time spent in this place.
 C = Inter-level travel time spent in this place.
 D = Time resting spent in this place.
 E = Time spent auto-exploring this place.
 F = Levels seen in this place.
 G = Mean time per level.
                   A        B        C        D        E       F      G
               +--------+--------+--------+--------+--------+-----+--------+
         Total |   3085 |   3008 |     77 |    311 |   2348 |   4 |  771.2 |
       Dungeon |   3085 |   3008 |     77 |    311 |   2348 |   4 |  771.2 |
               +--------+--------+--------+--------+--------+-----+--------+

Top non-repeatable levels by time:
     D:2: 1290 daAuts
     D:3: 1047 daAuts
     D:1: 585 daAuts
     D:4: 161 daAuts
